MLB
NEW YORK METS @ WASHINGTON NATIONALS
09/25/2044
 
TOP OF THE 1ST
New York Mets batting - Pitching for Washington Nationals : LHP Joe Hincks
Pitching: LHP Joe Hincks
Batting: SHB Nelle van den Berg 0-0: Ball
1-0: Ball
2-0: Called Strike
2-1: DOUBLE (Line Drive, 89D, EV 101.2 MPH)
Batting: RHB Jeff Jank 0-0: Called Strike
0-1: Ball
1-1: Called Strike
1-2: Ball
2-2: Ball
3-2: Base on Balls
Batting: SHB Scott Scott 0-0: Ball
1-0: Foul Ball, location: 2F
1-1: Ball
2-1: Ball
3-1: Base on Balls
Nelle van den Berg to third
Jeff Jank to second
Batting: SHB Javy Rosa 0-0: Fielders Choice at 2nd, 3-6 (Groundball, 34, EV 84.4 MPH)
Nelle van den Berg scores
Jeff Jank to third
Batting: SHB Harry Hoop 0-0: Ball
1-0: Foul Ball, location: 2F
1-1: Swinging Strike
1-2: Ball
2-2: Strikes out swinging
Batting: SHB Gus Berry 0-0: Ball
1-0: Foul Ball, location: 2F
1-1: Ball
2-1: Swinging Strike
2-2: Strikes out swinging
Top of the 1st over - 1 run, 1 hit, 0 errors, 2 left on base; New York 1 - Washington 0
BOTTOM OF THE 1ST
Washington Nationals batting - Pitching for New York Mets : LHP Lewis Thorpe Jr.
Pitching: LHP Lewis Thorpe Jr.
Batting: SHB Andrew Wray II 0-0: Ball
1-0: Foul Ball, location: 2F
1-1: Ball
2-1: Foul Ball, location: 2F
2-2: Strikes out looking
Batting: RHB C.J. Beavers 0-0: Hit by Pitch
Batting: RHB Luis Torres 0-0: Ball
1-0: Swinging Strike
1-1: Called Strike
1-2: Foul Ball, location: 2F
1-2: Ball
2-2: Ball
C.J. Beavers steals 2nd base
3-2: Strikes out swinging
Batting: RHB John Sanders 0-0: Called Strike
0-1: Swinging Strike
0-2: 2-RUN HOME RUN (Flyball, 7D, EV 96.2 MPH), Distance : 362 ft
Batting: RHB Mike Blair 0-0: Called Strike
0-1: Called Strike
0-2: Ball
1-2: Strikes out swinging
Bottom of the 1st over - 2 runs, 1 hit, 0 errors, 0 left on base; New York 1 - Washington 2
TOP OF THE 2ND
New York Mets batting - Pitching for Washington Nationals : LHP Joe Hincks
Batting: RHB Melchor Sovrivilla 0-0: Foul Ball, location: 2F
0-1: Swinging Strike
0-2: Ball
1-2: Strikes out looking
Batting: SHB Kaname Fujimoto 0-0: Ball
1-0: Ball
2-0: Ball
3-0: Base on Balls
Batting: LHB Timo Gomez 0-0: SINGLE (Groundball, 34S, EV 68.1 MPH) (infield hit)
Kaname Fujimoto to second
Batting: SHB Nelle van den Berg 0-0: Foul Ball, location: 2F
0-1: Foul Ball, location: 2F
0-2: Ball
1-2: Fly out, F9 (Flyball, 9LM, EV 88.8 MPH)
Batting: RHB Jeff Jank 0-0: Ball
1-0: Swinging Strike
1-1: Ball
2-1: Ball
3-1: Called Strike
3-2: 3-RUN HOME RUN (Line Drive, 78XD, EV 109.4 MPH), Distance : 401 ft
Batting: SHB Scott Scott 0-0: Foul Ball, location: 2F
0-1: Foul Ball, location: 2F
0-2: Strikes out swinging
Top of the 2nd over - 3 runs, 2 hits, 0 errors, 0 left on base; New York 4 - Washington 2
BOTTOM OF THE 2ND
Washington Nationals batting - Pitching for New York Mets : LHP Lewis Thorpe Jr.
Pitching: LHP Xu-gang Zhou
Batting: LHB R.J. O'Brien 0-0: Called Strike
0-1: Ball
1-1: Ball
2-1: Swinging Strike
2-2: Strikes out swinging
Batting: LHB Seth Cook 0-0: Called Strike
0-1: Ball
1-1: Ball
2-1: Ball
3-1: Swinging Strike
3-2: Foul Ball, location: 2F
3-2: Base on Balls
Batting: RHB Dan Fallon 0-0: Ball
1-0: Grounds into double play, 6-4-3 (Groundball, 56, EV 98.8 MPH)
Bottom of the 2nd over - 0 runs, 0 hits, 0 errors, 0 left on base; New York 4 - Washington 2
TOP OF THE 3RD
New York Mets batting - Pitching for Washington Nationals : LHP Joe Hincks
Batting: SHB Javy Rosa 0-0: Ball
1-0: Called Strike
1-1: Swinging Strike
1-2: Foul Ball, location: 2F
1-2: Foul Ball, location: 2F
1-2: Ball
2-2: Ground out U3 (Groundball, 3S, EV 82.5 MPH)
Batting: SHB Harry Hoop 0-0: Ball
1-0: Ground out 4-3 (Groundball, 4, EV 78.1 MPH)
Batting: SHB Gus Berry 0-0: Ball
1-0: DOUBLE (Flyball, 8RXD, EV 109.4 MPH)
Batting: RHB Melchor Sovrivilla 0-0: Ball
1-0: Foul Ball, location: 2F
1-1: Foul Ball, location: 2F
1-2: Strikes out swinging
Top of the 3rd over - 0 runs, 1 hit, 0 errors, 1 left on base; New York 4 - Washington 2
BOTTOM OF THE 3RD
Washington Nationals batting - Pitching for New York Mets : LHP Xu-gang Zhou
Batting: RHB Masashi Yukizawa 0-0: Called Strike
0-1: Ball
1-1: Ball
2-1: Foul Ball, location: 2F
2-2: Foul Ball, location: 2F
2-2: Ball
3-2: Strikes out looking
Batting: SHB Andrew Wray II 0-0: Foul Ball, location: 2F
0-1: Called Strike
0-2: Ball
1-2: Ball
2-2: Fly out, F7 (Flyball, 78S, EV 89.4 MPH)
Batting: RHB C.J. Beavers 0-0: Called Strike
0-1: Foul Ball, location: 2F
0-2: Foul Ball, location: 2F
0-2: Ball
1-2: Ball
2-2: Ball
3-2: Base on Balls
Batting: RHB Luis Torres 0-0: Swinging Strike
0-1: Ball
1-1: Ball
2-1: Called Strike
2-2: DOUBLE (Flyball, 8LXD, EV 99.4 MPH)
C.J. Beavers to third
Runner from 3rd tries for Home, SAFE, throw by CF to trailing runner, SAFE at third!
Batting: RHB John Sanders 0-0: Ball
1-0: Ball
2-0: Called Strike
2-1: Ball
3-1: SINGLE (Flyball, 5D, EV 88.8 MPH)
Luis Torres scores
Batting: RHB Mike Blair 0-0: Ball
1-0: Fly out, F9 (Flyball, 9D, EV 88.8 MPH)
Bottom of the 3rd over - 2 runs, 2 hits, 0 errors, 1 left on base; New York 4 - Washington 4
TOP OF THE 4TH
New York Mets batting - Pitching for Washington Nationals : LHP Joe Hincks
Batting: SHB Kaname Fujimoto 0-0: Swinging Strike
0-1: Ball
1-1: Ground out 4-3 (Groundball, 4, EV 87.5 MPH)
Batting: LHB Timo Gomez 0-0: Swinging Strike
0-1: Ground out 4-3 (Groundball, 34, EV 103.1 MPH)
Batting: SHB Nelle van den Berg 0-0: Fly out, F8 (Flyball, 89D, EV 81.2 MPH)
Top of the 4th over - 0 runs, 0 hits, 0 errors, 0 left on base; New York 4 - Washington 4
BOTTOM OF THE 4TH
Washington Nationals batting - Pitching for New York Mets : LHP Xu-gang Zhou
Batting: LHB R.J. O'Brien 0-0: Ball
1-0: Ball
2-0: DOUBLE (Line Drive, 78M, EV 97.5 MPH)
Pitching: RHP Victor Morin
Batting: LHB Seth Cook 0-0: Ball
1-0: Bunt - Flyout to 15! F1
Batting: RHB Dan Fallon 0-0: Called Strike
0-1: SINGLE (Groundball, 56, EV 105.0 MPH) (infield hit)
R.J. O'Brien to third
Batting: RHB Masashi Yukizawa 0-0: Called Strike
0-1: Ball
1-1: Ball
2-1: Foul Ball, location: 2F
2-2: Strikes out looking
Batting: SHB Andrew Wray II 0-0: Called Strike
0-1: Ball
1-1: Foul Ball, location: 2F
1-2: Ball
2-2: Foul Ball, location: 2F
2-2: Ball
3-2: Strikes out swinging
Bottom of the 4th over - 0 runs, 2 hits, 0 errors, 2 left on base; New York 4 - Washington 4
TOP OF THE 5TH
New York Mets batting - Pitching for Washington Nationals : LHP Joe Hincks
Batting: RHB Jeff Jank 0-0: TRIPLE (Flyball, 9LD, EV 95.0 MPH)
Batting: SHB Scott Scott 0-0: Ball
1-0: Ball
2-0: Foul Ball, location: 2F
2-1: Fly out, F8 (Flyball, 89D, EV 86.2 MPH)
Runner from 3rd tags up, SCORES, throw by CF
Batting: SHB Javy Rosa 0-0: Called Strike
0-1: SINGLE (Groundball, 6MD, EV 98.8 MPH)
Pitching: LHP Jesus Gallegos
Batting: SHB Harry Hoop 0-0: Ball
1-0: Grounds into double play, 1-4-3 (Groundball, 15S, EV 70.6 MPH)
Top of the 5th over - 1 run, 2 hits, 0 errors, 0 left on base; New York 5 - Washington 4
BOTTOM OF THE 5TH
Washington Nationals batting - Pitching for New York Mets : RHP Victor Morin
Batting: RHB C.J. Beavers 0-0: Swinging Strike
0-1: Ball
1-1: Swinging Strike
1-2: Ball
2-2: SINGLE (Groundball, 4MD, EV 110.0 MPH)
Batting: RHB Luis Torres 0-0: Foul Ball, location: 2F
0-1: Foul Ball, location: 2F
0-2: Ball
1-2: Ball
2-2: Ball
3-2: SINGLE (Line Drive, 9LS, EV 103.1 MPH)
C.J. Beavers to second
Batting: RHB John Sanders 0-0: Grounds into double play, 6-4-3 (Groundball, 6, EV 86.9 MPH)
C.J. Beavers to third
Batting: RHB Mike Blair 0-0: Ball
1-0: Ball
2-0: Foul Ball, location: 2F
2-1: Swinging Strike
2-2: Fly out, F8 (Flyball, 8LD, EV 103.8 MPH)
Bottom of the 5th over - 0 runs, 2 hits, 0 errors, 1 left on base; New York 5 - Washington 4
TOP OF THE 6TH
New York Mets batting - Pitching for Washington Nationals : LHP Jesus Gallegos
Batting: SHB Gus Berry 0-0: Ball
1-0: Ball
2-0: Foul Ball, location: 2F
2-1: Foul Ball, location: 2F
2-2: Foul Ball, location: 2F
2-2: Foul Ball, location: 2F
2-2: Ground out 6-3 (Groundball, 6, EV 99.4 MPH)
Batting: RHB Melchor Sovrivilla 0-0: Ball
1-0: Called Strike
1-1: Fly out, F7 (Flyball, 7D, EV 103.1 MPH)
Batting: SHB Kaname Fujimoto 0-0: Ball
1-0: SINGLE (Flyball, 8RS, EV 98.1 MPH)
Batting: LHB Timo Gomez 0-0: Ball
1-0: Swinging Strike
1-1: Reached on error, E5 (Groundball, 56, EV 85.6 MPH)
Kaname Fujimoto to second
Batting: SHB Nelle van den Berg 0-0: Ball
1-0: Swinging Strike
1-1: Called Strike
1-2: Strikes out swinging
Top of the 6th over - 0 runs, 1 hit, 1 error, 2 left on base; New York 5 - Washington 4
BOTTOM OF THE 6TH
Washington Nationals batting - Pitching for New York Mets : RHP Victor Morin
Batting: LHB R.J. O'Brien 0-0: Called Strike
0-1: Fly out, F7 (Flyball, 7LM, EV 75.0 MPH)
Batting: LHB Seth Cook 0-0: Called Strike
0-1: Foul Ball, location: 2F
0-2: SINGLE (Groundball, 56, EV 101.2 MPH) (infield hit)
Batting: RHB Dan Fallon 0-0: Ball
Pickoff Throw to First - Error! E1
Seth Cook to second
1-0: Ball
2-0: SINGLE (Groundball, 34D, EV 102.5 MPH)
Seth Cook to third
Runner from 3rd tries for Home, SAFE, throw by RF to home
Pinch Hitting: SHB Junzo Kato 0-0: Called Strike
0-1: Grounds into double play, 4-6-3 (Groundball, 4, EV 103.8 MPH)
Bottom of the 6th over - 1 run, 2 hits, 1 error, 0 left on base; New York 5 - Washington 5
TOP OF THE 7TH
New York Mets batting - Pitching for Washington Nationals : LHP Jesus Gallegos
Now at 2B: Junzo Kato
Batting: RHB Jeff Jank 0-0: SINGLE (Groundball, 56D, EV 98.8 MPH)
Batting: SHB Scott Scott 0-0: Ball
1-0: Ball
2-0: Called Strike
2-1: Called Strike
2-2: Foul Ball, location: 2F
2-2: Foul Ball, location: 2F
2-2: Fly out, F8 (Line Drive, 8RD, EV 101.2 MPH)
Batting: SHB Javy Rosa 0-0: Ball
1-0: Swinging Strike
1-1: Ball
Passed Ball!
Jeff Jank to second
2-1: Fly out, F8 (Line Drive, 8RD, EV 85.6 MPH)
Throwing error, E8
Jeff Jank scores
Batting: SHB Harry Hoop 0-0: Called Strike
0-1: Swinging Strike
0-2: Ball
1-2: Strikes out looking
Top of the 7th over - 1 run, 1 hit, 1 error, 0 left on base; New York 6 - Washington 5
BOTTOM OF THE 7TH
Washington Nationals batting - Pitching for New York Mets : RHP Victor Morin
Pitching: RHP David Matheney
Batting: SHB Andrew Wray II 0-0: Ball
1-0: Fly out, F7 (Flyball, 7S, EV 81.2 MPH)
Batting: RHB C.J. Beavers 0-0: Foul Ball, location: 2F
0-1: Ball
1-1: Ball
2-1: Ball
3-1: DOUBLE (Groundball, 3L, EV 101.2 MPH)
Batting: RHB Luis Torres 0-0: Called Strike
0-1: Ground out 6-3 (Groundball, 6, EV 106.2 MPH)
Pinch Hitting: LHB Armando Carbajal 0-0: Ball
1-0: Called Strike
1-1: Foul Ball, location: 2F
1-2: Ball
2-2: Strikes out looking
Bottom of the 7th over - 0 runs, 1 hit, 0 errors, 1 left on base; New York 6 - Washington 5
TOP OF THE 8TH
New York Mets batting - Pitching for Washington Nationals : LHP Jesus Gallegos
Pitching: LHP Keith Pratt
Now at 1B: Armando Carbajal
Now at 3B: Dan Fallon
Batting: SHB Gus Berry 0-0: Called Strike
0-1: Ball
1-1: Swinging Strike
1-2: Ball
2-2: Ball
3-2: Foul Ball, location: 2F
3-2: Strikes out swinging
Batting: RHB Melchor Sovrivilla 0-0: Ball
1-0: Foul Ball, location: 2F
1-1: Foul Ball, location: 2F
1-2: Ball
2-2: Ball
3-2: Base on Balls
Batting: SHB Kaname Fujimoto 0-0: Ball
1-0: Ball
2-0: Called Strike
2-1: Foul Ball, location: 2F
2-2: Strikes out swinging
Batting: LHB Timo Gomez 0-0: Ball
1-0: Called Strike
1-1: Swinging Strike
1-2: Fly out, F8 (Flyball, 78D, EV 91.2 MPH)
Top of the 8th over - 0 runs, 0 hits, 0 errors, 1 left on base; New York 6 - Washington 5
BOTTOM OF THE 8TH
Washington Nationals batting - Pitching for New York Mets : RHP David Matheney
Pitching: RHP Ron Hawkins
Batting: RHB Mike Blair 0-0: Ball
1-0: Foul Ball, location: 2F
1-1: Foul Ball, location: 2F
1-2: Ground out 6-3 (Groundball, 56, EV 86.2 MPH)
Batting: LHB R.J. O'Brien 0-0: Ball
1-0: Swinging Strike
1-1: Foul Ball, location: 2F
1-2: Fly out, F8 (Line Drive, 8RD, EV 90.0 MPH)
Batting: LHB Seth Cook 0-0: SINGLE (Groundball, 4M, EV 97.5 MPH) (infield hit)
Batting: RHB Dan Fallon 0-0: Ball
1-0: Ground out 4-3 (Groundball, 4, EV 88.1 MPH)
Bottom of the 8th over - 0 runs, 1 hit, 0 errors, 1 left on base; New York 6 - Washington 5
TOP OF THE 9TH
New York Mets batting - Pitching for Washington Nationals : LHP Keith Pratt
Pitching: RHP Chris Painter
Batting: SHB Nelle van den Berg 0-0: Called Strike
0-1: Foul Ball, location: 2F
0-2: Ball
1-2: Fly out, F8 (Flyball, 8RD, EV 84.4 MPH)
Batting: RHB Jeff Jank 0-0: Ball
1-0: Swinging Strike
1-1: Foul Ball, location: 2F
1-2: Foul Ball, location: 2F
1-2: Strikes out swinging
Batting: SHB Scott Scott 0-0: Called Strike
0-1: Ball
1-1: Fly out, F8 (Flyball, 8LD, EV 91.9 MPH)
Top of the 9th over - 0 runs, 0 hits, 0 errors, 0 left on base; New York 6 - Washington 5
BOTTOM OF THE 9TH
Washington Nationals batting - Pitching for New York Mets : RHP Ron Hawkins
Pitching: LHP Kyae-sung Che
Now at C: Scott Bartholomew
Batting: SHB Junzo Kato 0-0: Ball
1-0: Foul Ball, location: 2F
1-1: Fly out, F8 (Flyball, 89D, EV 103.8 MPH)
Batting: SHB Andrew Wray II 0-0: Ball
1-0: Ground out 4-3 (Groundball, 4, EV 80.6 MPH)
Batting: RHB C.J. Beavers 0-0: Called Strike
0-1: Ball
1-1: Fly out, F3 (Popup, 23F, EV 81.9 MPH)
Bottom of the 9th over - 0 runs, 0 hits, 0 errors, 0 left on base; New York 6 - Washington 5
Thursday, March 31st , 2022 - OOTP Baseball 22.12 Build 89